 Dungeon Crawl Stone Soup version 0.31-a0-662-g684573625c (webtiles) character file.

Game seed: 16054630247216664886

245 AdnanSaban the Covered (level 6, -1/38 HPs)
             Began as a Gargoyle Fighter on Sept 1, 2023.
             Slain by a gnoll
             ... wielding a +0 spear
              (3 damage)
             ... on level 4 of the Dungeon.
             The game lasted 00:03:49 (2676 turns).

AdnanSaban the Covered (Gargoyle Fighter)           Turns: 2676, Time: 00:03:49

Health: -1/38      AC: 17    Str: 21    XL:     6   Next: 10%
Magic:  6/6        EV:  6    Int:  9    God:
Gold:   176        SH:  4    Dex:  9    Spells: 5/5 levels left

rFire   . . .        a - +0 flail
rCold   . . .        c - +0 buckler
rNeg    + . .        o - +0 plate armour
rPois   ∞            (no helmet)
rElec   +            e - +0 cloak
rCorr   .            (no gloves)
SInv    .            (no boots)
Will    .....        (no amulet) Stlth
                     (no ring)
HPRegen 0.26/turn    (no ring)
MPRegen 0.10/turn

%: no passive effects
@: no status effects
A: sickness immunity, AC +4, negative energy resistance 1, electricity
resistance, torment resistance 1, petrification resistance
a: no special abilities


You were on level 4 of the Dungeon.
You visited 1 branch of the dungeon, and saw 4 of its levels.

You collected 176 gold pieces.

Inventory:

Hand Weapons
 a - a +0 flail (weapon)
Missiles
 p - a boomerang (quivered)
 r - 14 poisoned darts
Armour
 c - a +0 buckler (worn)
 e - a +0 cloak (worn)
 o - a +0 plate armour (worn)
Wands
 m - a wand of polymorph (12)
Scrolls
 f - a scroll of enchant weapon {unknown}
 g - 4 scrolls of immolation {unknown}
 h - a scroll of brand weapon {unknown}
 j - 3 scrolls of teleportation {unknown}
 l - 2 scrolls of identify {unknown}
 n - a scroll of torment {unknown}
 t - a scroll of poison {unknown}
Potions
 b - a potion of ambrosia {unknown}
 d - 2 potions of might
 i - a potion of heal wounds {unknown}
 k - a potion of magic {unknown}
 q - 2 potions of mutation {unknown}
 s - a potion of curing {unknown}


   Skills:
 + Level 4.0 Fighting
 + Level 4.4 Maces & Flails
 + Level 0.5 Throwing
 + Level 4.4 Armour
 + Level 0.4 Dodging
 + Level 3.9 Shields


You had 5 spell levels left.
You didn't know any spells.
Your spell library contained the following spells:

 Spells                   Type           Power      Damage    Failure   Level
 Sandblast                Erth           0%         2d4       100%        1
 Summon Small Mammal      Summ           0%         N/A       100%        1
 Passwall                 Tmut/Erth      0%         N/A       100%        2
 Call Canine Familiar     Summ           0%         N/A       100%        3
 Gell's Gravitas          Tloc           0%         N/A       100%        3
 Ozocubu's Armour         Ice            0%         N/A       100%        3
 Portal Projectile        Hex/Tloc       0%         N/A       100%        3
 Stone Arrow              Conj/Erth      0%         3d7       100%        3
 Summon Guardian Golem    Hex/Summ       0%         N/A       100%        3
 Teleport Other           Tloc           0%         N/A       100%        3
 Tukima's Dance           Hex            0%         N/A       100%        3
 Iskenderun's Mystic Bla  Conj/Tloc      0%         2d3       100%        4
 Metabolic Englaciation   Hex/Ice        0%         N/A       100%        5
 Dispersal                Tloc           0%         N/A       100%        6
 Simulacrum               Ice/Necr       0%         N/A       100%        6


Dungeon Overview and Level Annotations

Branches:
Dungeon (4/15)
 Temple: D:4-7

Altars:

Shops:
D:3 =


Innate Abilities, Weirdness & Mutations

You are immune to sickness and miasma.
Your stone body is resilient. (AC +4)
You are immune to poison.
You resist negative energy. (rN+)
You are resistant to electric shocks. (rElec)
You are resistant to unholy torment.
You are immune to petrification.


Message History

You are too injured to fight recklessly!
You are too injured to fight recklessly!
You are too injured to fight recklessly!
You are too injured to fight recklessly!
You are too injured to fight recklessly!
You are too injured to fight recklessly!
You are too injured to fight recklessly!
You are too injured to fight recklessly!
You are too injured to fight recklessly!
You are too injured to fight recklessly!
You are too injured to fight recklessly!
You are too injured to fight recklessly!
You are too injured to fight recklessly!
You are too injured to fight recklessly!
You are too injured to fight recklessly!
The gnoll hits you from afar with a +0 spear.
* * * LOW HITPOINT WARNING * * *
The iguana attacks as it pursues you! You block the iguana's attack.
The iguana attacks as it pursues you!
The iguana bites you but does no damage.
The iguana attacks as it pursues you!
The iguana bites you but does no damage.
You sock the iguana!
You kill the iguana!
You have reached level 6!
The gnoll attacks as it pursues you! The gnoll completely misses you.
The gnoll attacks as it pursues you!
The gnoll hits you from afar with a +0 spear.
* * * LOW HITPOINT WARNING * * *
The gnoll attacks as it pursues you! The gnoll hits you but does no damage.
The gnoll attacks as it pursues you!
The gnoll hits you from afar with a +0 spear!
* * * LOW HITPOINT WARNING * * *
There is a stone staircase leading down here.
The gnoll attacks as it pursues you!
The gnoll hits you from afar with a +0 spear.
* * * LOW HITPOINT WARNING * * *
The gnoll attacks as it pursues you!
The gnoll hits you from afar with a +0 spear.
You die...

......## #.......... .......#
##.......... .......#
#........... .......#
#........... .......#
##.......... .......#
##.......... ###..###
#####...).......
##..############...............
###......>.g.@..##...........#
#...#############....###....
#..## ##....#####. #.## #....#
## #.# ##...## ## #.# #....#
##. #.# #....###.. #.#
##....##.. #†# ##...##..


You could see a gnoll.

Vanquished Creatures
  A phantom (D:4)
  An iguana (D:4)
  Terence (D:3)
  2 orc wizards (D:2)
  2 adders (D:3)
  A worm (D:2)
  A dart slug (D:1)
  3 orcs
  5 endoplasms
  2 giant cockroaches
  2 goblins
  2 hobgoblins
  2 jackals (D:2)
  3 kobolds
  3 quokkas
  6 ball pythons
  3 bats
  3 frilled lizards (D:2)
  6 rats
49 creatures vanquished.

Notes
Turn   | Place    | Note
-------+----------+-------------------------------------------
     0 | D:1      | AdnanSaban the Gargoyle Fighter began the quest for the
                  | Orb.
     0 | D:1      | Reached XP level 1. HP: 14/14 MP: 1/1
   166 | D:1      | Reached XP level 2. HP: 18/19 MP: 2/2
   848 | D:2      | Reached XP level 3. HP: 13/23 MP: 3/3
  1207 | D:2      | Found a faded altar of an unknown god.
  1371 | D:3      | Noticed Terence
  1403 | D:2      | Reached XP level 4. HP: 10/28 MP: 4/4
  1859 | D:3      | Killed Terence
  1860 | D:3      | Reached XP level 5. HP: 33/33 MP: 5/5
  2116 | D:3      | Found Eriow's Jewellery Shop.
  2485 | D:4      | Noticed a phantom
  2528 | D:4      | Killed a phantom
  2663 | D:4      | Reached XP level 6. HP: 11/38 MP: 6/6
  2676 | D:4      | Slain by a gnoll

Illustrated notes

Levels and vault maps discovered:
D:1:      evilmike_arrival_plus, layout_basic
D:2:      layout_rooms, shapermc_ecumenical_altar_hornbeckon
D:3:      layout_loops_ring, serial_shops, nicolae_shop_tiny_real_fake_doors,
          chequers_arboretum, dreamdust_princess_bridge, uniq_terence
D:4:      layout_cave_pods, lemuel_coloured_pillars_altar,
          hangedman_minor_gate_pass

Skill      XL: |  1  2  3  4  5 |
---------------+----------------+-----
Maces & Flails | 3 4 |  4.4
Armour         | 4 |  4.4
Fighting       | 4 |  4.0
Throwing       | |  0.5
Dodging        | |  0.4
Shields        | |  3.9

Action                     |  1- 3 |  4- 6 || total
---------------------------+-------+-------++-------
  Melee: Flail             |   105 |   108 ||   213
         Unarmed           |       |    14 ||    14
  Throw: Dart              |       |     8 ||     8
         Boomerang         |       |     2 ||     2
 Armour: Scale mail        |    24 |       ||    24
         Chain mail        |    49 |       ||    49
         Plate armour      |    26 |    95 ||   121
         Skin              |       |     6 ||     6
  Dodge: Dodged            |    55 |    45 ||   100
  Block: Buckler           |    20 |    23 ||    43

Table legend: (Time is in decaauts)
 A = Elapsed time spent in this place.
 B = Non-inter-level travel time spent in this place.
 C = Inter-level travel time spent in this place.
 D = Time resting spent in this place.
 E = Time spent auto-exploring this place.
 F = Levels seen in this place.
 G = Mean time per level.
                   A        B        C        D        E       F      G
               +--------+--------+--------+--------+--------+-----+--------+
         Total |   2715 |   2615 |    100 |    127 |   1831 |   4 |  678.8 |
       Dungeon |   2715 |   2615 |    100 |    127 |   1831 |   4 |  678.8 |
               +--------+--------+--------+--------+--------+-----+--------+

Top non-repeatable levels by time:
     D:3: 815 daAuts
     D:1: 815 daAuts
     D:2: 741 daAuts
     D:4: 342 daAuts
